 Dungeon Crawl Stone Soup version 0.21.1-1-g345015f (webtiles) character file.

26 gloomy the Grasshopper (level 3, 0/29 (30) HPs)
             Began as a Ghoul Warper on May 2, 2018.
             Slain by an adder (2 damage)
             ... on level 2 of the Dungeon on May 3, 2018.
             The game lasted 00:17:07 (1457 turns).

gloomy the Grasshopper (Ghoul Warper)               Turns: 1457, Time: 00:17:07

HP:   0/29 (30)     AC:  2    Str: 15    XL:     3   Next: 8%
MP:   4/4           EV: 12    Int:  8    God:
Gold: 119           SH:  0    Dex:  8    Spells: 0/5 levels left

rFire    . . .     SeeInvis .   r - +0 whip
rCold    + . .     Gourm    .   (no shield)
rNeg     + + +     Faith    .   q - +0 robe
rPois    ∞         Spirit   .   (no helmet)
rElec    .         Reflect  .   (no cloak)
rCorr    .         Harm     +   (no gloves)
MR       .....                  (no boots)
Stlth    +.........             d - amulet of harm
HPRegen  0.00/turn              (no ring)
MPRegen  0.09/turn              (no ring)

@: rotting
A: rotting body, claws 1, carnivore, cold resistance 1, negative energy
resistance 3, inhibited regeneration, torment resistance, unbreathing
a: no special abilities


You were on level 2 of the Dungeon.
You were not hungry.

You visited 1 branch of the dungeon, and saw 2 of its levels.

You collected 119 gold pieces.

Inventory:

Hand Weapons
 h - a +1 short sword of speed
 m - a +0 dagger
 n - a +0 short sword of speed
 o - a +0 short sword
 p - a +0 dagger
 r - a +0 whip (weapon)
Missiles
 g - 12 bolts
 i - 16 arrows
 l - 26 stones (quivered)
Armour
 a - a +0 leather armour
 e - a +0 ring mail
 j - a +0 leather armour
 q - a +0 robe (worn)
Jewellery
 d - an amulet of harm (around neck)
Scrolls
 c - a scroll of blinking
Books
 b - a book of Spatial Translocations

   Spells                             Type                      Level
   a - Blink                          Translocation                2
   b - Shroud of Golubria             Charms/Translocation         2
   c - Lesser Beckoning               Translocation                3
   d - Gell's Gravitas                Translocation                3
   e - Teleport Other                 Translocation                3
   f - Passage of Golubria            Translocation                4
Comestibles
 f - 3 rations


   Skills:
 + Level 2.5 Fighting
 + Level 0.7 Short Blades
 + Level 1.0 Throwing
 + Level 1.1 Armour
 + Level 2.2 Dodging
 + Level 2.4 Unarmed Combat
 + Level 1.9 Spellcasting
 + Level 2.6 Translocations


You couldn't memorise any spells.
You knew the following spells:

 Your Spells              Type           Power        Failure   Level  Hunger
a - Blink                 Tloc           N/A          19%         2    ###....
b - Gell's Gravitas       Tloc           #.........   34%         3    ####...


Dungeon Overview and Level Annotations

Branches:
Dungeon (2/15)

Altars:


Innate Abilities, Weirdness & Mutations

Your body is rotting away.
You thrive on raw meat.
You are immune to poison.
You have sharp fingernails.
You are carnivorous and can eat meat at any time.
Your flesh is cold resistant. (rC+)
You are immune to negative energy. (rN+++)
You do not regenerate when monsters are visible.
You are immune to unholy pain and torment.
You can survive without breathing.


Message History

You hit the rat.
You kill the rat!
The adder bites you but does no damage.
You miss the adder. Your claw misses the adder. The adder bites you.
The dart slug barely misses you.
You miss the adder. The adder barely misses you.
The dart slug barely misses you. The adder bites you.
* * * LOW HITPOINT WARNING * * *
Welcome back, gloomy the Ghoul Warper.
Press ? for a list of commands and other information.
The adder bites you.
* * * LOW HITPOINT WARNING * * *
You miss the adder. The adder bites you but does no damage.
You hit the adder.
The adder is moderately wounded.
The adder bites you.
* * * LOW HITPOINT WARNING * * *
The adder closely misses you. The adder bites you.
You die...

#.# #.# #.#######
.###.###)##.....
....>..<......#
..##.###.##...# ###
##.##...# ...
..##.##...#.#.# ###.#####
.........@..#.###.....(.#
..##.##...S.....$.......#
# ##..w.............#
#######.#........#
#.##.......# #.##....[..#
#.##.......# #.#####.####
#.# .#


You could see an adder and a dart slug.

Vanquished Creatures
  A dart slug (D:2)
  A giant cockroach (D:1)
  4 goblins (D:1)
  2 hobgoblins (D:1)
  3 jackals (D:1)
  A ball python (D:1)
  3 bats (D:1)
  3 kobolds
  5 rats
23 creatures vanquished.

Notes
Turn   | Place    | Note
-------+----------+-------------------------------------------
     0 | D:1      | gloomy the Ghoul Warper began the quest for the Orb.
     0 | D:1      | Reached XP level 1. HP: 17/17 MP: 2/2
   157 | D:1      | Reached XP level 2. HP: 23/25 MP: 3/3
   195 | D:1      | Reached skill level 1 in Armour
   719 | D:1      | Learned a level 2 spell: Blink
   836 | D:1      | HP: 1/25 [bat (1)]
   855 | D:1      | HP: 1/25 [bat (1)]
   857 | D:1      | Reached skill level 1 in Throwing
  1415 | D:2      | Reached XP level 3. HP: 21/29 MP: 4/4
  1428 | D:2      | Learned a level 3 spell: Gell's Gravitas
  1457 | D:2      | Slain by an adder

Skill      XL: |  1  2 |
---------------+-------+-----
Dodging        | 2 |  2.2
Armour         | 1 |  1.1
Throwing       | 1 |  1.0
Fighting       | |  2.5
Short Blades   | |  0.7
Unarmed Combat | |  2.4
Spellcasting   | |  1.9
Translocations | |  2.6

Action                   || total
-------------------------++-------
Melee: Short sword       ||    58
       Unarmed           ||     4
       Whip              ||    31
Throw: Tomahawk          ||     5
       Stone             ||     5
  Use: Scroll            ||     3
       Potion            ||     1
  Eat: Chunk             ||     8
Armor: Leather armour    ||    10
       Robe              ||    31
Dodge: Dodged            ||   100
